AoeStats
← RokoSec

Arabia

504043484Analyzed
1v1 RM · 29d ago on Sep 3, 2026· 25m 50s· 2 players
Game mode
Random Map
Map size
Tiny (2 player)
Population
200
Speed
Normal
Resources
Standard
Victory
Conquest
Starting age
Dark Age
Ending age
Imperial Age
RankedLock teamsTeams togetherTeam positionsShared explorationLock speedFull tech treeHidden civsTurbo modeCheats
Victory
Defeat
🇭🇷 Ethiopians · Croatia
720
+12
🇨🇱 Franks · Chile
642
-12
nelson.llanos.cuevas
14:27 Feudal Age
18:33 Castle Age
23:54 Scale Barding Armor
25:01 Forging
RokoSec
6:54 Loom
10:06 Feudal Age
10:37 Double-Bit Axe
14:04 Fletching
19:08 Wheelbarrow
20:59 Padded Archer Armor
22:49 Horse Collar
25:23 Castle Age
26:21 Squires
25:43 Crossbowman
Connection lost

Rejoining the realm…

Still unreachable

The connection could not be restored.

Session expired

The server has moved on; the page needs a fresh start.